 Dungeon Crawl Stone Soup version 0.29-a0-284-gf9362112df (webtiles) character file.

Game seed: 3137989925535495943

2139 sammy202020 the Fighter (level 9, -8/90 HPs)
             Began as a Gargoyle Berserker on Mar 26, 2022.
             Was a Believer of Trog.
             Killed from afar by Maggie (11 damage)
             ... with a bolt of fire
             ... on level 7 of the Dungeon.
             The game lasted 00:09:11 (6995 turns).

sammy202020 the Fighter (Gargoyle Berserker)        Turns: 6995, Time: 00:09:12

Health: -8/90      AC: 12    Str: 21    XL:     9   Next: 30%
Magic:  9/9        EV: 18    Int: 10    God:    Trog [**....]
Gold:   424        SH:  0    Dex: 16    Spells: 8/8 levels left

rFire   . . .      SeeInvis +   m - +2 whip (freeze)
rCold   . . .      Faith    .   (no shield)
rNeg    + + .      Spirit   .   p - +1 robe of the End {rN+ Dex+3 SInv Archmagi}
rPois   ∞          Reflect  .   (no helmet)
rElec   +          Harm     .   (no cloak)
rCorr   +          Rampage  .   (no gloves)
Will    .....      Archmagi +   (no boots)
Stlth   ..........              (no amulet)
HPRegen 0.25/turn               s - ring of resist corrosion
MPRegen 0.11/turn               w - +4 ring of evasion

@: berserking, very quick
A: sickness immunity, AC +6, negative energy resistance 1, electricity
resistance, torment resistance 1, petrification resistance, iridescent scales 1,
agile 1, shaggy fur 1
a: Renounce Religion, Berserk, Trog's Hand


You were on level 7 of the Dungeon.
You worshipped Trog.
Trog was pleased with you.
You visited 1 branch of the dungeon, and saw 8 of its levels.

You collected 424 gold pieces.

Inventory:

Hand Weapons
 a - a +0 mace
 m - a +2 whip of freezing (weapon)
Missiles
 o - 5 poisoned darts
 u - a boomerang (quivered)
 v - a javelin
Armour
 c - a +0 ring mail
 p - the +1 robe of the End (worn) {rN+ Dex+3 SInv Archmagi}
   (You found it on level 4 of the Dungeon)

   Dex:       It affects your dexterity (+3).
   rN:        It protects you from negative energy.
   SInv:      It lets you see invisible.
   Archmagi:  It increases the power of your magical spells.
Jewellery
 q - a ring of flight
 s - a ring of resist corrosion (left hand)
 w - a +4 ring of evasion (right hand)
Wands
 g - a wand of digging (9)
 t - a wand of mindburst (6)
Scrolls
 e - 2 scrolls of noise
 j - 5 scrolls of teleportation
 n - 2 scrolls of fog
Potions
 b - a potion of brilliance {unknown}
 d - 2 potions of heal wounds {unknown}
 f - a potion of lignification {unknown}
 h - 3 potions of curing {unknown}
 i - 2 potions of mutation
 k - 3 potions of haste
 l - a potion of attraction {unknown}
 r - a potion of ambrosia {unknown}


   Skills:
 * Level 8.3 Fighting
 * Level 7.5 Maces & Flails
 + Level 5.6 Armour
 + Level 4.3 Dodging


You had 8 spell levels left.
You didn't know any spells.
Your spell library was empty.

Dungeon Overview and Level Annotations

Branches:
Dungeon (8/15)             Temple (0/1) D:7
   Lair: D:8-11

Altars:
Ashenzari
Dithmenos
Kikubaaqudgha
Okawaru
Qazlal
Xom

Shops:
D:1 :   D:4 (   D:5 ((   D:6 (

Annotations:
D:7 Maggie


Innate Abilities, Weirdness & Mutations

You are immune to sickness and miasma.
Your stone body is resilient. (AC +6)
You are immune to poison.
You resist negative energy. (rN+)
You are resistant to electric shocks. (rElec)
You are resistant to unholy torment.
You are immune to petrification.
You are partially covered in iridescent scales. (AC +2)
You are agile. (Dex +2)
You are covered in fur. (AC +1)


Message History

Your skin stops crawling.
You feel less strong-willed.
You barely miss Maggie.
Maggie is severely wounded.
Maggie completely misses you.
You hit Maggie but do no damage.
Maggie is severely wounded.
Maggie misses you.
You closely miss Maggie.
Maggie is severely wounded.
Maggie misses you.
You closely miss Maggie.
Maggie is severely wounded.
You hit Maggie. You freeze Maggie.
Maggie is severely wounded.
Maggie casts a spell at you. The bolt of fire hits you!!
* * * LOW HITPOINT WARNING * * *
You closely miss Maggie.
Maggie is severely wounded.
Maggie misses you.
You barely miss Maggie.
Maggie is severely wounded.
You barely miss Maggie.
Maggie is severely wounded.
Maggie gestures at you while chanting. The bolt of fire hits you!
* * * LOW HITPOINT WARNING * * *
You barely miss Maggie.
Maggie is severely wounded.
Maggie completely misses you.
Unknown command.
A red film seems to cover your vision as you go berserk!
You feel yourself moving faster!
You feel mighty! Maggie barely misses you.
You hit Maggie. You freeze Maggie.
Maggie is almost dead.
You barely miss Maggie.
Maggie is almost dead.
Maggie gestures at you while chanting. The bolt of fire hits you!
You die...

*,,,**,,,*,,*#..*
*,,****##.,**...# **
*,,,*###..***...# **,
*,*,,(....###!#.# *,,
*,*,*...>..#....# *,,
*,*,,*,......#.#* *,,
*,,,,**,*#.....# *,,
***,.,***##@.#** *<,
**...###.@.##############*
*#.....................##
##......############...#
######## #...' ##..# ####


You could see Maggie.

Vanquished Creatures
  Pikel (D:6)
  Grinder (D:6)
  2 ice beasts (D:5)
  2 black bears (D:6)
  2 sky beasts
  An ogre (D:4)
  2 phantoms
  A lemure (D:6)
  2 bullfrogs (D:7)
  2 scorpions (D:5)
  5 jellies
  3 hounds
  2 iguanas
  6 adders
  2 shadow imps (D:5)
  A white imp (D:6)
  3 ufetubi
  A worm (D:4)
  3 dart slugs
  4 orcs
  6 bats
  2 endoplasms
  5 giant cockroaches
  4 hobgoblins
  4 jackals (D:2)
  6 kobolds
  2 quokkas
  8 ball pythons
  2 frilled lizards
  5 goblins
  2 rats
92 creatures vanquished.

Notes
Turn   | Place    | Note
-------+----------+-------------------------------------------
     0 | D:1      | sammy202020 the Gargoyle Berserker began the quest for the
                  | Orb.
     0 | D:1      | Reached XP level 1. HP: 14/14 MP: 1/1
   107 | D:1      | Reached XP level 2. HP: 11/19 MP: 2/2
   713 | D:1      | Found a faded altar of an unknown god.
   885 | D:1      | Found Zeokorchi's Book Boutique.
   891 | D:1      | Reached XP level 3. HP: 21/24 MP: 3/3
  1423 | D:2      | Reached ** piety under Trog
  1599 | D:2      | Found an ancient bone altar of Kikubaaqudgha.
  1624 | D:2      | Reached skill level 4 in Fighting
  1984 | D:3      | Found a shimmering altar of Xom.
  2000 | D:3      | Found a stormy altar of Qazlal.
  2158 | D:3      | Reached XP level 4. HP: 14/29 MP: 4/4
  2172 | D:3      | HP: 1/43 [hound (2)]
  2579 | D:3      | Gained mutation: You are agile. (Dex +2) [potion of
                  | mutation]
  2579 | D:3      | Gained mutation: You are covered in fur. (AC +1) [potion of
                  | mutation]
  2579 | D:3      | Gained mutation: You are partially covered in iridescent
                  | scales. (AC +2) [potion of mutation]
  2603 | D:3      | Found a shadowy altar of Dithmenos.
  2665 | D:3      | Found a broken altar of Ashenzari.
  2748 | D:3      | Reached XP level 5. HP: 29/34 MP: 5/5
  2869 | D:3      | Found an iron altar of Okawaru.
  2980 | D:4      | Noticed a sky beast
  2991 | D:4      | Killed a sky beast
  3123 | D:4      | Identified the +1 robe of the End {rN+ Dex+3 SInv Archmagi}
  3188 | D:4      | Found Zomohoonna's Weapon Shop.
  3193 | D:4      | Noticed an ogre
  3204 | D:4      | Killed an ogre
  3205 | D:4      | Reached skill level 5 in Fighting
  3205 | D:4      | Reached XP level 6. HP: 9/40 MP: 6/6
  3252 | D:5      | Entered Level 5 of the Dungeon
  3920 | D:5      | Noticed an ice beast
  3939 | D:5      | Killed an ice beast
  3940 | D:5      | Reached XP level 7. HP: 7/44 MP: 7/7
  3941 | D:5      | Reached skill level 5 in Maces & Flails
  4450 | D:5      | Found Don Huuh's Antique Weapon Boutique.
  4615 | D:5      | Reached skill level 6 in Fighting
  5493 | D:5      | Found Etra Weu's Firing Range.
  5636 | D:6      | Reached XP level 8. HP: 48/52 MP: 8/8
  5662 | D:6      | Noticed Grinder
  5678 | D:6      | Paralysed by Grinder for 3 turns
  5683 | D:6      | Paralysed by Grinder for 6 turns
  5691 | D:6      | Killed Grinder
  5692 | D:6      | Reached skill level 7 in Fighting
  6372 | D:6      | Reached skill level 5 in Armour
  6508 | D:6      | Found Cucinn's Antique Weapon Emporium.
  6560 | D:6      | Noticed Pikel
  6585 | D:6      | Killed Pikel
  6586 | D:6      | Reached skill level 8 in Fighting
  6586 | D:6      | Reached XP level 9. HP: 13/59 MP: 9/9
  6788 | D:6      | You fall into a shaft and drop 2 floors!
  6952 | D:7      | Found a staircase to the Ecumenical Temple.
  6953 | D:7      | Noticed Maggie
  6991 | D:7      | HP: 1/60 [Maggie/bolt of fire (12)]
  6995 | D:7      | Killed from afar by Maggie

Illustrated notes

Levels and vault maps discovered:
D:1:      sevenhm_arrival_forest_fort_small_3, layout_rooms, serial_curves,
          eino_curves_04, eino_curves_03, eino_curves_02, eino_curves_02,
          serial_shops, nicolae_shop_stone, shapermc_ecumenical_altar_pompeii
D:2:      layout_basic, basic_altar
D:3:      layout_basic, mainiacjoe_overflow_catwalk_spiral, lemuel_tele_altar,
          minitemple, minmay_misc_feat_hallway, minmay_fractal_squares_5
D:4:      layout_basic, serial_shops, shop_coins, minmay_misc_feat_enclosed
D:5:      layout_cave_pools, serial_shops, shop, nicolae_shop_firing_range
D:6:      layout_loops_cross, serial_shops, nicolae_shop_behind_doors,
          uniq_pikel, uniq_grinder
D:7:      layout_gridville, nicolae_overflow_hidden_temple,
          minmay_temple_entry_wispy, uniq_menkaure, uniq_maggie
D:8:      layout_cave_pools, amcnicky_altar_gilded, enter_bailey_7,
          kennysheep_generic_room_4

Skill      XL: |  1  2  3  4  5  6  7  8 |
---------------+-------------------------+-----
Fighting       | 4 5 6 8 |  8.3
Dodging        | 2 3 4 |  4.3
Maces & Flails | 4 5 7 |  7.5
Armour         | 3 4 5 |  5.6

Action                   |  1- 3 |  4- 6 |  7- 9 || total
-------------------------+-------+-------+-------++-------
Melee: Mace              |   134 |   137 |   156 ||   427
       Punch             |     2 |       |     1 ||     3
       Whip              |       |       |    64 ||    64
Throw: Dart              |       |       |     5 ||     5
       Javelin           |       |       |     1 ||     1
       Throwing net      |       |       |     1 ||     1
Invok: Berserk           |       |     3 |     3 ||     6
       Trog's Hand       |       |       |     2 ||     2
  Use: Scroll            |     4 |     1 |     3 ||     8
       Potion            |       |     1 |       ||     1
 Stab: Sleeping          |       |     1 |     1 ||     2
Armor: Animal skin       |    12 |       |       ||    12
       Ring mail         |    67 |    55 |       ||   122
       Robe              |       |    27 |    92 ||   119
Dodge: Dodged            |   147 |   102 |   192 ||   441

Table legend: (Time is in decaauts)
 A = Elapsed time spent in this place.
 B = Non-inter-level travel time spent in this place.
 C = Inter-level travel time spent in this place.
 D = Time resting spent in this place.
 E = Time spent auto-exploring this place.
 F = Levels seen in this place.
 G = Mean time per level.
                   A        B        C        D        E       F      G
               +--------+--------+--------+--------+--------+-----+--------+
         Total |   7104 |   6977 |    127 |   1616 |   4264 |   8 |  888.0 |
       Dungeon |   7104 |   6977 |    127 |   1616 |   4264 |   8 |  888.0 |
               +--------+--------+--------+--------+--------+-----+--------+

Top non-repeatable levels by time:
     D:5: 1797 daAuts
     D:4: 1394 daAuts
     D:1: 1246 daAuts
     D:3: 1077 daAuts
     D:6: 718 daAuts
     D:2: 680 daAuts
     D:7: 137 daAuts
     D:8: 52 daAuts
